Map: Abyssal Reef LE

Players

Uberpwnzorz - Winner!

  • Race: Zerg Zerg
  • League: Diamond
  • Spawn Location: 11:00

zZz

  • Race: Terran Terran
  • League: Master
  • Spawn Location: 5:00

VOD

Have the link to the VOD?

Description

Time

  • Played on: Jan. 4, 2018, 11:48 a.m.
  • Length: 21:57
Show
View Real Time Build Order
Export as new Build Order

Uberpwnzorz Zerg - Winner!

Build Orders: Hatch First 

Get SALT Encoding   

  12  0:01  Drone  
  13  0:12  Overlord  
  13  0:22  Drone  
  14  0:31  Drone x2  
  14  0:35  Drone  
  17  0:56  Hatchery, Drone  
  17  1:00  Drone  
  17  1:02  Extractor  
  17  1:07  Drone  
  18  1:24  Spawning Pool  
  17  1:29  Drone  
  17  1:30  Drone  
  19  1:39  Overlord  
  19  2:04  Drone  
  20  2:11  Queen x2  
  20  2:12  Zergling x2  
  20  2:13  Zergling x2  
  26  2:29  Hatchery  
  25  2:34  Drone  
  25  2:35  Drone x2  
  28  2:39  Drone  
  28  2:42  Drone  
  30  2:56  Metabolic Boost  
  30  2:59  Pneumatized Carapace  
  30  3:08  Queen  
  30  3:10  Drone x2  
  30  3:11  Drone  
  33  3:23  Zergling x4  
  33  3:25  Overlord  
  36  3:41  Zergling x14  
  39  3:56  Queen  
  39  3:57  Zergling x2  
  39  3:58  Zergling x8  
  46  4:07  Queen  
  48  4:11  Drone  
  48  4:12  Drone  
  48  4:13  Overlord x2  
  49  4:30  Drone  
  50  4:33  Drone x7  
  57  4:44  Baneling Nest  
  56  4:46  Lair  
  56  4:49  Drone x3  
  59  4:58  Queen  
  61  5:01  Spore Crawler  
  61  5:02  Spore Crawler  
  61  5:03  Spore Crawler  
  58  5:08  Spore Crawler  
  58  5:09  Spore Crawler  
  56  5:32  Queen  
  56  5:34  Queen  
  55  5:50  Hydralisk Den  
  50  6:08  Queen  
  48  6:16  Drone  
  48  6:17  Drone x18  
  65  6:19  Overlord x2  
  65  6:43  Hydralisk  
  65  6:44  Hydralisk x3  
  67  6:49  Extractor  
  67  6:52  Extractor  
  67  6:53  Extractor  
  64  6:56  Zergling x8  
  64  6:57  Zergling x16  
  67  7:31  Muscular Augments  
  64  7:40  Spore Crawler  
  64  7:43  Spore Crawler  
  64  7:44  Spore Crawler  
  56  8:14  Hydralisk x9  
  56  8:16  Overlord x2  
  56  8:17  Overlord x3  
  74  8:24  Queen  
  74  8:26  Queen  
  78  8:27  Queen  
  80  8:35  Centrifical Hooks  
  80  8:39  Drone x10  
  80  8:40  Drone  
  89  9:04  Drone x9  
  89  9:07  Queen  
  89  9:09  Baneling x4  
  100  9:10  Baneling  
  100  9:11  Baneling  
  66  9:54  Drone x13  
  76  10:14  Evolution Chamber  
  76  10:15  Evolution Chamber, Hatchery  
  76  10:16  Extractor  
  76  10:18  Extractor  
  76  10:19  Spore Crawler  
  76  10:20  Spore Crawler x2  
  68  10:21  Spore Crawler  
  68  10:22  Spore Crawler  
  68  10:23  Drone, Spore Crawler  
  68  10:24  Drone x5, Spore Crawler  
  68  10:26  Spore Crawler  
  68  10:28  Spore Crawler  
  68  10:29  Spore Crawler  
  68  10:30  Spore Crawler  
  68  10:34  Drone x8  
  74  10:43  Zerg Ground Armor Level 1  
  74  10:44  Zerg Missile Weapons Level 1  
  74  11:02  Extractor  
  73  11:06  Extractor  
  72  11:11  Overseer x2  
  72  11:24  Drone  
  72  11:25  Drone x13  
  86  11:28  Spore Crawler x2  
  86  11:29  Spore Crawler x2  
  82  11:48  Overlord x4  
  82  11:54  Hydralisk  
  82  11:55  Hydralisk x11  
  106  12:01  Infestation Pit  
  105  12:21  Hydralisk  
  105  12:22  Hydralisk x13  
  133  12:36  Hatchery  
  129  13:00  Pathogen Glands  
  129  13:02  Hive  
  129  13:04  Zerg Missile Weapons Level 2, Zerg Ground Armor Level 2  
  129  13:08  Hydralisk x11  
  151  13:30  Overlord  
  151  13:31  Overlord x7  
  151  13:34  Extractor  
  150  13:36  Extractor  
  149  13:50  Infestor x9  
  149  13:53  Infestor  
  149  13:55  Infestor  
  171  14:03  Drone x5  
  171  14:04  Drone x2  
  178  14:11  Drone  
  178  14:12  Drone x6  
  185  14:40  Burrow  
  185  14:43  Spore Crawler x2  
  185  14:44  Spore Crawler  
  185  14:45  Spore Crawler  
  181  14:46  Spore Crawler x2  
  181  14:48  Drone x4  
  181  14:49  Drone x6  
  189  15:04  Neural Parasite  
  189  15:08  Infestor  
  189  15:09  Infestor x4  
  199  15:54  Infestor x10  
  199  15:55  Infestor x6  
  199  16:10  Hatchery  
  176  16:37  Hydralisk x5  
  140  16:41  Hydralisk x3  
  140  16:42  Hydralisk x29  
  140  16:43  Hydralisk x9  
  186  17:04  Hydralisk x6  
  190  17:11  Hydralisk x10  
  196  17:16  Infestor  
  196  17:17  Overlord x3  
  198  17:35  Zerg Missile Weapons Level 3, Zerg Ground Armor Level 3  
  198  17:41  Extractor x2  
  198  17:42  Infestor x2  
  200  17:57  Hydralisk  
  200  17:58  Hydralisk x10  
  186  17:59  Hydralisk  
  186  18:00  Hydralisk  
  186  18:01  Hydralisk x2  
  176  18:12  Hydralisk x5  
  144  18:26  Viper  
  144  18:27  Viper x4  
  159  18:34  Drone x8  
  159  18:35  Drone x4  
  171  18:52  Overseer x3  
  171  19:08  Spore Crawler  
  170  19:10  Spore Crawler x2  
  170  19:12  Hydralisk x12, Spore Crawler  
  170  19:13  Hydralisk  
  170  19:14  Hydralisk  
  195  19:55  Hydralisk x2  
  167  20:15  Hydralisk x10  
  167  20:16  Hydralisk x12  
  162  20:32  Hydralisk x12  
  170  20:36  Hydralisk x5  
  180  20:52  Hydralisk  
  180  20:54  Overlord, Hydralisk  
  180  20:57  Infestor x6  
  179  21:09  Hydralisk  
  179  21:10  Hydralisk x6  
  185  21:32  Hydralisk x7  
Show
View Real Time Build Order
Export as new Build Order

zZz Terran 

Build Orders:  

Get SALT Encoding   

  12  0:00  SCV  
  13  0:12  SCV  
  14  0:17  Supply Depot  
  14  0:25  SCV  
  14  0:28  Refinery  
  15  0:39  SCV  
  16  0:45  Barracks  
  16  0:51  SCV  
  17  1:02  Refinery  
  17  1:03  SCV  
  18  1:15  SCV  
  19  1:24  Supply Depot  
  19  1:39  Marine  
  20  1:40  Orbital Command  
  20  1:48  Factory  
  20  1:57  Marine  
  21  2:06  SCV  
  22  2:17  Marine  
  22  2:22  SCV  
  24  2:34  SCV  
  24  2:36  Starport  
  25  2:37  Marine  
  25  2:39  Hellion  
  25  2:43  Supply Depot  
  28  2:46  SCV  
  29  2:55  Marine  
  30  2:59  SCV  
  30  3:05  Hellion  
  33  3:11  SCV  
  34  3:14  Supply Depot  
  34  3:15  Marine  
  35  3:23  Starport Tech Lab, Fusion Core  
  35  3:28  Hellion, SCV  
  35  3:33  Marine  
  39  3:39  Supply Depot  
  38  3:51  Marine  
  36  4:04  SCV  
  36  4:09  Battlecruiser  
  43  4:16  Marine  
  44  4:18  Hellion  
  44  4:22  Supply Depot  
  36  4:41  Weapon Refit  
  36  4:44  Marine  
  37  4:56  Bunker  
  37  4:57  Hellion  
  39  5:05  Marine  
  40  5:14  Battlecruiser  
  46  5:19  Hellion  
  48  5:23  Marine  
  49  5:38  SCV  
  49  5:41  Marine  
  50  5:52  SCV  
  51  6:02  Liberator  
  51  6:14  Fusion Core  
  51  6:15  Command Center  
  51  6:16  Command Center, SCV  
  50  6:20  Marine, Hellion  
  56  6:32  SCV  
  57  6:36  Armory  
  57  6:47  Marine  
  57  6:48  Hellion  
  57  6:50  SCV  
  61  7:05  Marine  
  61  7:11  SCV  
  56  7:23  SCV  
  56  7:29  Marine  
  60  7:30  Orbital Command, Hellion  
  60  7:36  Starport  
  57  7:38  Starport  
  57  7:45  Orbital Command, SCV  
  58  7:55  Marine, Hellion  
  58  7:57  SCV  
  61  8:00  Terran Ship Weapons Level 1  
  58  8:14  Bunker  
  58  8:15  Bunker  
  58  8:22  Orbital Command  
  58  8:25  Starport Tech Lab  
  58  8:31  Hellion  
  58  8:32  Starport Tech Lab  
  58  8:34  SCV  
  61  8:46  Refinery  
  61  8:47  Refinery  
  61  8:51  SCV x3  
  61  8:55  Engineering Bay  
  66  8:59  Marine  
  67  9:07  Factory Tech Lab  
  65  9:11  Battlecruiser  
  65  9:14  SCV  
  56  9:39  Hellion, Banshee  
  56  9:41  SCV  
  56  9:42  SCV  
  56  9:43  SCV  
  64  9:50  Orbital Command  
  64  9:59  SCV  
  64  10:00  Hellion  
  64  10:02  SCV  
  66  10:13  Terran Ship Weapons Level 2  
  66  10:15  SCV  
  66  10:16  SCV  
  68  10:29  Supply Depot, SCV  
  68  10:33  Refinery  
  68  10:34  SCV  
  68  10:35  SCV  
  71  10:41  SCV  
  72  10:44  Battlecruiser  
  72  10:46  SCV  
  79  10:52  Battlecruiser  
  79  10:53  SCV  
  79  10:54  SCV  
  87  10:59  SCV  
  87  11:01  Refinery  
  87  11:02  Hellion  
  90  11:11  SCV x3  
  90  11:17  Supply Depot x2  
  90  11:18  Supply Depot  
  93  11:19  Supply Depot  
  93  11:20  Supply Depot  
  93  11:22  Supply Depot  
  93  11:24  Supply Depot  
  93  11:30  Supply Depot  
  93  11:32  Supply Depot  
  95  11:33  Hellion  
  95  11:35  Supply Depot  
  95  11:37  SCV x2  
  97  11:43  SCV  
  97  11:44  Starport x2  
  98  11:49  Battlecruiser, SCV  
  98  11:52  SCV  
  106  11:55  SCV  
  106  12:01  Supply Depot, SCV  
  108  12:04  Barracks Reactor  
  108  12:09  Battlecruiser  
  108  12:10  SCV  
  108  12:11  SCV  
  116  12:19  SCV  
  117  12:25  Starport Tech Lab  
  117  12:26  Starport Tech Lab  
  117  12:45  Battlecruiser  
  117  12:46  SCV x3  
  126  12:53  Battlecruiser  
  132  13:04  Factory  
  132  13:05  Battlecruiser  
  135  13:08  Hellion x2  
  139  13:17  Command Center, Battlecruiser  
  145  13:24  Supply Depot  
  145  13:25  Supply Depot  
  145  13:26  Supply Depot x2  
  146  13:27  Supply Depot, SCV  
  146  13:28  Supply Depot  
  146  13:32  Hellion x2  
  150  13:37  Terran Ship Weapons Level 3  
  150  13:48  Supply Depot  
  150  13:53  Missile Turret x2  
  150  13:54  Hellion x2  
  154  13:57  Missile Turret  
  154  13:58  Battlecruiser  
  154  14:01  Factory Reactor  
  160  14:15  Hellbat x2, Battlecruiser  
  170  14:21  Hellion x8  
  170  14:26  Refinery  
  170  14:30  Refinery  
  170  14:36  Battlecruiser  
  176  14:39  Missile Turret x2, Hellion x3  
  176  14:40  Missile Turret x2  
  182  14:49  Planetary Fortress  
  182  14:55  Hellion  
  184  15:00  Hellion x2  
  184  15:06  Battlecruiser  
  194  15:08  Hellion  
  194  15:11  Command Center  
  196  15:16  Armory  
  196  15:24  Hellion  
  196  15:25  Hellion  
  200  15:39  Starport  
  200  15:43  Starport  
  200  15:44  Starport  
  200  16:08  Terran Vehicle Weapons Level 1  
  200  16:10  Refinery  
  200  16:11  Missile Turret  
  200  16:12  Missile Turret x2, Refinery  
  200  16:14  Terran Vehicle And Ship Armor Level 1  
  158  16:37  Battlecruiser x3  
  158  16:45  Starport Tech Lab, Battlecruiser  
  152  16:52  Hellion x4  
  160  16:54  Planetary Fortress  
  160  17:13  Command Center  
  160  17:15  Battlecruiser, Hellion x3  
  162  17:16  Hellion  
  162  17:18  SCV x2  
  162  17:20  Starport Tech Lab x2  
  164  17:34  Supply Depot  
  164  17:37  Hellion x2  
  164  17:38  Hellion  
  164  17:40  SCV  
  164  17:43  Battlecruiser  
  177  17:46  SCV x2  
  177  17:47  SCV  
  165  18:01  Battlecruiser  
  118  18:15  Battlecruiser  
  118  18:16  Hellion x2  
  118  18:18  SCV  
  118  18:19  Liberator  
  133  18:32  SCV x3  
  133  18:33  SCV  
  134  18:37  Hellion x2  
  134  18:38  Hellion  
  142  18:45  Battlecruiser, Hellion  
  150  18:54  Planetary Fortress  
  150  18:58  SCV  
  150  18:59  Hellion x2  
  150  19:02  Orbital Command, SCV  
  156  19:12  Terran Vehicle And Ship Armor Level 2  
  156  19:19  Hellion x2  
  156  19:22  Refinery  
  156  19:23  Refinery  
  160  19:27  SCV x3  
  160  19:28  SCV  
  164  19:32  Hellion  
  166  19:40  SCV x4  
  170  19:46  Refinery  
  170  19:49  Missile Turret  
  170  19:50  Missile Turret x2  
  170  19:55  Battlecruiser  
  176  20:05  Battlecruiser  
  155  20:18  Battlecruiser  
  137  20:24  Battlecruiser  
  125  20:33  SCV  
  112  20:36  Hellion x4  
  112  20:42  SCV x3  
  123  20:45  SCV x2  
  125  20:57  Hellion x2  
  125  20:58  Hellion x2  
  139  21:06  SCV x2  
  139  21:07  SCV x2  
  139  21:08  SCV  
  141  21:19  Hellion x2  
  119  21:32  Hellion x2  
  108  21:45  SCV  
Tags
 
Add a new tag
Caveats
  • Supply blocks, unpowered buildings, or Contaminate may cause inaccurate times.
  • Supply counts are checked every 10 seconds.